 Dungeon Crawl Stone Soup version 0.31-a0-237-g2d982f9f85 (webtiles) character file.

Game seed: 15562726137309494724

836 qw the Shooter (level 7, -1/44 HPs)
             Began as a Gargoyle Hexslinger on July 11, 2023.
             Slain by a gnoll
             ... wielding a +0 club
             ... led by a gnoll bouda
              (5 damage)
             ... on level 5 of the Dungeon.
             The game lasted 00:01:52 (4074 turns).

qw the Shooter (Gargoyle Hexslinger)                Turns: 4074, Time: 00:01:53

Health: -1/44      AC: 14    Str: 11    XL:     7   Next: 99%
Magic:  8/8        EV: 10    Int: 14    God:
Gold:   300        SH:  0    Dex: 14    Spells: 7/8 levels left

rFire   . . .        Y - +4 sling
rCold   + . .        (no shield)
rNeg    + . .        l - +0 ring mail
rPois   inf          q - +0 helmet
rElec   +            m - +0 cloak
rCorr   .            j - +0 pair of gloves
SInv    .            h - +0 pair of boots
Will    .....        (no amulet)
Stlth   +            r - ring of protection from cold
HPRegen 0.27/turn    (no ring)
MPRegen 0.11/turn

%: no passive effects
@: weakened
A: sickness immunity, AC +4, negative energy resistance 1, electricity
resistance, torment resistance 1, petrification resistance
a: no special abilities


You were on level 5 of the Dungeon.
You visited 1 branch of the dungeon, and saw 5 of its levels.

You collected 300 gold pieces.


Innate Abilities, Weirdness & Mutations

You are immune to sickness and miasma.
Your stone body is resilient. (AC +4)
You are immune to poison.
You resist negative energy. (rN+)
You are resistant to electric shocks. (rElec)
You are resistant to unholy torment.
You are immune to petrification.


   Skills:
 - Level 4.4 Fighting
 + Level 7.4 Ranged Weapons
 - Level 2.6 Armour
 - Level 1.5 Dodging
 - Level 1.0 Spellcasting
 - Level 2.6 Hexes


You had 7 spell levels left.
You knew the following spells:

 Your Spells              Type           Power      Damage    Failure   Level
a - Slow                  Hex            32%        N/A       21%         1

Your spell library contained the following spells:

 Spells                   Type           Power      Damage    Failure   Level
 Inner Flame              Hex/Fire       4%         N/A       71%         3
 Portal Projectile        Hex/Tloc       8%         N/A       71%         3
 Cause Fear               Hex            4%         N/A       89%         4

Inventory:

Hand Weapons
 Y - a +4 sling (weapon)
Armour
 h - a +0 pair of boots (worn)
 j - a +0 pair of gloves (worn)
 l - a +0 ring mail (worn)
 m - a +0 cloak (worn)
 q - a +0 helmet (worn)
Jewellery
 r - a ring of protection from cold (left hand)
Scrolls
 o - 3 scrolls of identify
Potions
 a - 2 potions of curing
 b - a potion of mutation
 c - a potion of might {unknown}
 f - a potion of resistance
 g - a potion of lignification {unknown}
 k - 2 potions of haste {unknown}
 p - a potion of brilliance {unknown}

Dungeon Overview and Level Annotations

Branches:
Dungeon (5/15)
 Temple: D:4-7

Altars:
Gozag
Wu Jian
Xom


Message History

You feel as though you will be weak longer.
The gnoll bouda hits you with a +0 whip.
The gnoll hits you but does no damage.
The gnoll bouda hits you but does no damage.
You shoot a sling bullet. The sling bullet hits the gnoll bouda.
The gnoll bouda is moderately wounded.
The gnoll hits you but does no damage. The gnoll bouda barely misses you.
You shoot a sling bullet. The sling bullet hits the gnoll bouda!
The gnoll bouda is severely wounded.
The gnoll closely misses you. The gnoll bouda barely misses you.
You shoot a sling bullet. The sling bullet hits the gnoll bouda!
The gnoll bouda is almost dead.
The gnoll hits you with a +0 club.
The gnoll bouda mumbles some strange prayers to its god.
The gnoll bouda is healed somewhat.
The gnoll barely misses you.
You shoot a sling bullet. The sling bullet hits the gnoll bouda.
The gnoll bouda is severely wounded.
Your attacks no longer feel as feeble.
The gnoll bouda gazes fiercely through you!
You feel your attacks grow feeble.
The gnoll bouda hits you with a +0 whip.
The gnoll misses you.
You shoot a sling bullet.
The sling bullet closely misses the gnoll bouda.
The gnoll bouda hits you with a +0 whip.
The gnoll barely misses you.
You shoot a sling bullet.
The sling bullet completely misses the gnoll bouda.
The gnoll bouda barely misses you. The gnoll hits you but does no damage.
You shoot a sling bullet. The sling bullet hits the gnoll bouda.
You kill the gnoll bouda!
The gnoll is no longer moving quickly.
An orc comes into view. It is wielding a +0 mace.
The gnoll hits you but does no damage.
You shoot a sling bullet. The orc shouts!
The sling bullet hits the gnoll.
The gnoll is moderately wounded.
The gnoll hits you with a +0 club.
You die...

. ##..#....## # ..
.....##..### ...
#.o.# ##.).#
....#####..# ###.#
...).......#######.#
#.............###
#..#########.....
###..# ###... #)@.##
##.. #)g## #...
#...# #... #.....
#... #.#### #... #..
#... ..) ##.. ##.
#... #...


You could see a gnoll and an orc.

Vanquished Creatures
  Menkaure (D:4)
  A phantom (D:4)
  Blork the orc (D:5)
  2 scorpions
  A jelly (D:5)
  2 gnoll boudas (D:5)
  3 hounds (D:4)
  An iguana (D:4)
  An orc wizard (D:5)
  Robin (D:4)
  6 gnolls (D:5)
  6 adders
  An ufetubus (D:4)
  A worm (D:1)
  5 orcs (D:5)
  9 ball pythons
  4 bats
  7 endoplasms
  2 giant cockroaches (D:1)
  17 goblins
  13 hobgoblins
  4 jackals (D:2)
  2 kobolds
  9 quokkas
  3 frilled lizards
  4 rats (D:1)
107 creatures vanquished.

Notes
Turn   | Place    | Note
-------+----------+-------------------------------------------
     0 | D:1      | qw the Gargoyle Hexslinger began the quest for the Orb.
     0 | D:1      | Reached XP level 1. HP: 12/12 MP: 2/2
     0 | D:1      | 0 ||| qw: Version: 0.3-a-52-g30416fa
     0 | D:1      | 0 ||| qw: Game counter: 5784
     0 | D:1      | 0 ||| qw: Melee chars always use a shield: true
     0 | D:1      | 0 ||| qw: God list: Okawaru
     0 | D:1      | 0 ||| qw: Allow faded altars: false
     0 | D:1      | 0 ||| qw: Do Orc after clearing Dungeon:15 true
     0 | D:1      | 0 ||| qw: Do second Lair branch before Depths: true
     0 | D:1      | 0 ||| qw: Lair rune preference: random
     0 | D:1      | 0 ||| qw: Goals: Normal
     0 | D:1      | 0 ||| PLANNING D:1-11
    59 | D:1      | Reached XP level 2. HP: 9/16 MP: 3/3
   171 | D:1      | Reached skill level 3 in Ranged Weapons
   238 | D:1      | Reached XP level 3. HP: 17/21 MP: 4/4
   600 | D:1      | 600 ||| UPGRADING to +0 leather armour.
   610 | D:1      | 610 ||| DROPPING +0 robe.
   611 | D:1      | 611 ||| UPGRADING to +0 pair of boots.
   616 | D:1      | 616 ||| UPGRADING to +0 pair of gloves.
   621 | D:1      | 621 ||| READING scroll labelled PUYGIF XATEPN.
   622 | D:1      | 622 ||| READING scroll labelled ITIAPREUDGH.
   623 | D:1      | 623 ||| READING scroll labelled JEON ENAGUACAZ.
   627 | D:1      | 627 ||| READING scroll labelled BEPNAI NENOI.
   628 | D:1      | 628 ||| DROPPING scroll of poison.
   684 | D:2      | 684 ||| FLEEEEING.
   685 | D:2      | 685 ||| FLEEEEING.
   686 | D:2      | 686 ||| FLEEEEING.
   687 | D:2      | 687 ||| FLEEEEING.
   688 | D:2      | 688 ||| FLEEEEING.
   690 | D:2      | 690 ||| STAIRDANCE
   715 | D:2      | Found a faded altar of an unknown god.
   832 | D:2      | Found an opulent altar of Gozag.
   844 | D:2      | Identified the +8 short sword of Palont {holy, rF+++ rC-
                  | rCorr Stlth-}
   954 | D:2      | Reached XP level 4. HP: 18/26 MP: 5/5
  1015 | D:2      | Reached skill level 4 in Ranged Weapons
  1369 | D:2      | 1369 ||| READING scroll labelled JAAMOV CISTRUAMN.
  1370 | D:2      | 1370 ||| READING scroll labelled EMI MA FOMEADGH.
  1371 | D:2      | 1371 ||| DRINKING 3 white potions.
  1822 | D:3      | 1822 ||| STAIRDANCE
  1826 | D:3      | 1826 ||| STAIRDANCE
  1830 | D:3      | 1830 ||| STAIRDANCE
  1834 | D:3      | 1834 ||| STAIRDANCE
  1838 | D:3      | 1838 ||| STAIRDANCE
  1842 | D:3      | 1842 ||| STAIRDANCE
  1846 | D:3      | 1846 ||| STAIRDANCE
  1850 | D:3      | 1850 ||| STAIRDANCE
  1854 | D:3      | 1854 ||| STAIRDANCE
  1858 | D:3      | 1858 ||| STAIRDANCE
  1862 | D:3      | 1862 ||| STAIRDANCE
  1866 | D:3      | 1866 ||| STAIRDANCE
  1870 | D:3      | 1870 ||| STAIRDANCE
  1874 | D:3      | 1874 ||| STAIRDANCE
  1878 | D:3      | 1878 ||| STAIRDANCE
  1882 | D:3      | 1882 ||| STAIRDANCE
  1886 | D:3      | 1886 ||| STAIRDANCE
  1890 | D:3      | 1890 ||| STAIRDANCE
  1894 | D:3      | 1894 ||| STAIRDANCE
  1898 | D:3      | 1898 ||| STAIRDANCE
  2009 | D:3      | 2009 ||| READING scroll of enchant weapon.
  2009 | D:3      | 2009 ||| ENCHANTING +2 sling.
  2550 | D:4      | Reached skill level 5 in Ranged Weapons
  2550 | D:4      | Reached XP level 5. HP: 12/30 MP: 6/6
  2664 | D:4      | Noticed Menkaure
  2681 | D:4      | Killed Menkaure
  2682 | D:4      | Reached XP level 6. HP: 20/39 MP: 7/7
  2891 | D:4      | Reached skill level 1 in Armour
  2904 | D:4      | Identified the +1 scale mail of Divine Compulsion {Slay+2}
  3098 | D:4      | Reached XP level 7. HP: 44/44 MP: 8/8
  3275 | D:4      | Reached skill level 6 in Ranged Weapons
  3291 | D:4      | Noticed Robin
  3302 | D:4      | Killed Robin
  3326 | D:4      | 3326 ||| READING scroll of enchant weapon.
  3326 | D:4      | 3326 ||| ENCHANTING +3 sling.
  3401 | D:4      | Found a shimmering altar of Xom.
  3401 | D:4      | Found an ornate altar of the Wu Jian Council.
  3578 | D:4      | 3578 ||| UPGRADING to +0 ring mail.
  3588 | D:4      | 3588 ||| DROPPING +0 leather armour.
  3589 | D:4      | 3589 ||| UPGRADING to +0 cloak.
  3594 | D:4      | 3594 ||| UPGRADING to +0 helmet.
  3599 | D:4      | 3599 ||| UPGRADING to ring of protection from cold.
  3600 | D:4      | 3600 ||| READING scroll labelled YLUECS NURO.
  3601 | D:4      | 3601 ||| READING scroll labelled ULUUSK XEC UVI.
  3602 | D:4      | 3602 ||| DRINKING 2 puce potions.
  3603 | D:4      | 3603 ||| DRINKING 2 smoky puce potions.
  3604 | D:4      | 3604 ||| READING 3 scrolls of identify.
  3604 | D:4      | 3604 ||| IDENTIFYING dark potion
  3605 | D:4      | 3605 ||| READING 2 scrolls of identify.
  3605 | D:4      | 3605 ||| IDENTIFYING viscous ruby potion
  3606 | D:4      | 3606 ||| DROPPING potion of berserk rage.
  3658 | D:5      | Entered Level 5 of the Dungeon
  3686 | D:5      | Noticed Blork the orc
  3707 | D:5      | 3707 ||| FLEEEEING.
  3708 | D:5      | 3708 ||| FLEEEEING.
  3711 | D:5      | HP: 11/44 [Blork the orc/+0 glaive (3)]
  3712 | D:5      | 3712 ||| DRINKING potion of heal wounds.
  3718 | D:5      | Killed Blork the orc
  3810 | D:5      | Found an opulent altar of Gozag.
  3874 | D:5      | Reached skill level 7 in Ranged Weapons
  4023 | D:5      | 4023 ||| DRINKING 3 potions of curing.
  4023 | D:5      | 4023 ||| (to cure confusion)
  4069 | D:5      | HP: 9/44 [gnoll/+0 club[a gnoll bouda] (4)]
  4071 | D:5      | HP: 3/44 [gnoll bouda/+0 whip (3)]
  4074 | D:5      | Slain by a gnoll

Levels and vault maps discovered:
D:1:      sevenhm_arrival_forest_fort_small_4, layout_rooms, st_stairs_13,
          nicolae_wormholes
D:2:      layout_loops_ring, basic_ecumenical_altar, basic_altar
D:3:      layout_basic
D:4:      layout_loops_cross, gammafunk_temple_overflow_elements, serial_glass,
          glass_columns_a, glass_columns_a, roderic_lattice_a,
          palyth_stone_intersect, uniq_menkaure, uniq_robin
D:5:      layout_rooms, pf_just_have_faith, uniq_blork_the_orc

Skill      XL: |  1  2  3  4  5  6  7 |
---------------+----------------------+-----
Ranged Weapons | 3 5 7 |  7.4
Fighting       | 2 4 |  4.4
Armour         | 1 2 |  2.6
Dodging        | |  1.5
Spellcasting   | |  1.0
Hexes          | |  2.6

Action                     |  1- 3 |  4- 6 |  7- 9 || total
---------------------------+-------+-------+-------++-------
   Fire: Sling             |   125 |   155 |   142 ||   422
    Use: Scroll            |     4 |     3 |     5 ||    12
         Potion            |       |     1 |     4 ||     5
 Armour: Leather armour    |    20 |    52 |    14 ||    86
         Robe              |     2 |       |       ||     2
         Ring mail         |       |       |    44 ||    44
  Dodge: Dodged            |    35 |    54 |    70 ||   159

Table legend:
 A = Non-vault XP
 B = Vault XP
 C = Vault XP percentage of total XP
 D = Non-vault monster count
 E = Vault monster count
 F = Vault count percentage of total count
                 A         B        C        D         E       F
            +---------+---------+-------+---------+---------+-------
      Total |     892 |     303 |  25.4 |      90 |      17 |  15.9
            +---------+---------+-------+---------+---------+-------
        D:1 |      46 |       6 |  11.5 |      26 |       2 |   7.1
        D:2 |      65 |       0 |   0.0 |      23 |       0 |   0.0
        D:3 |      42 |       0 |   0.0 |      11 |       0 |   0.0
        D:4 |     376 |     210 |  35.8 |      13 |      14 |  51.9
        D:5 |     363 |      87 |  19.3 |      17 |       1 |   5.6
            +---------+---------+-------+---------+---------+-------
